 Dungeon Crawl Stone Soup version 0.30.0-15-g856e2d3f33 (webtiles) character file.

Game seed: 12775242040149530934

52 qw the Chopper (level 3, -1/23 HPs)
             Began as a Gargoyle Cinder Acolyte on May 18, 2023.
             Was a High Priest of Ignis.
             Slain by an ogre
             ... wielding a +0 giant spiked club
              (8 damage)
             ... on level 4 of the Dungeon.
             The game lasted 00:00:41 (1590 turns).

qw the Chopper (Gargoyle Cinder Acolyte)            Turns: 1590, Time: 00:00:42

Health: -1/23      AC: 15    Str: 19    XL:     3   Next: 85%
Magic:  4/4        EV: 10    Int: 14    God:    Ignis [*****.]
Gold:   115        SH:  0    Dex:  5    Spells: 4/4 levels left

rFire   + . .        g - +1 hand axe (elec)
rCold   . . .        (no shield)
rNeg    + . .        e - +0 ring mail
rPois   inf          (no helmet)
rElec   +            (no cloak)
rCorr   .            (no gloves)
SInv    .            (no boots)
Will    +....        (no amulet) Stlth
                     d - ring of willpower
HPRegen 0.23/turn    (no ring)
MPRegen 0.09/turn

%: no passive effects
@: fiery-armoured
A: sickness immunity, AC +3, negative energy resistance 1, electricity
resistance, torment resistance 1, petrification resistance
a: Renounce Religion, Fiery Armour, Foxfire Swarm, Rising Flame


You were on level 4 of the Dungeon.
You worshipped Ignis.
Ignis was extremely pleased with you.
You visited 1 branch of the dungeon, and saw 3 of its levels.

You collected 115 gold pieces.


Innate Abilities, Weirdness & Mutations

You are immune to sickness and miasma.
Your stone body is resilient. (AC +3)
You are immune to poison.
You resist negative energy. (rN+)
You are resistant to electric shocks. (rElec)
You are resistant to unholy torment.
You are immune to petrification.


   Skills:
 - Level 3.2 Fighting
 + Level 4.1 Axes
 - Level 1.0 Armour
 - Level 1.0 Spellcasting
 - Level 3.0 Fire Magic


You had 4 spell levels left.
You didn't know any spells.
Your spell library contained the following spells:

 Spells                   Type           Power      Damage    Failure   Level
 Scorch                   Fire           18%        2d6       21%         2

Inventory:

Hand Weapons
 g - a +1 hand axe of electrocution (weapon)
 Y - a -1 hand axe of flaming
Missiles
 c - 8 boomerangs (quivered)
Armour
 e - a +0 ring mail (worn)
Jewellery
 d - a ring of willpower (left hand)
Scrolls
 a - 3 scrolls of identify
 b - a scroll of butterflies {unknown}
 f - a scroll of teleportation {unknown}
 k - a scroll of vulnerability {unknown}
Potions
 h - a potion of curing
 i - a potion of might {unknown}
 j - a potion of flight {unknown}

Dungeon Overview and Level Annotations

Branches:
Dungeon (4/15)
 Temple: D:4-7

Altars:
Gozag


Message History

A quokka comes into view.
You throw a boomerang.
The boomerang closely misses the quokka.
You throw a boomerang. The boomerang barely misses the quokka.
You throw a boomerang.
The boomerang closely misses the quokka.
You hit the quokka.
The quokka is heavily wounded.
The quokka bites you but does no damage.
You slash the quokka! Lightning courses through the quokka!
You kill the quokka!
Your Armour skill increases to level 1!
k - a scroll labelled TAWKOC CUCRO You see here a +0 dagger.
There is an open door here.
There is an open door here.
A sourceless malevolence fills the Dungeon...
You fall into a shaft and drop 2 floors!
The shaft crumbles and collapses.
Found 6 stones and a book of Misfortune.
Waypoint 2 assigned to D:4.
You now have 115 gold pieces (gained 14).
Found a stone staircase leading down.
Found a leather armour.
An ogre comes into view. It is wielding a +0 giant spiked club.
You see here 15 gold pieces.
You throw a boomerang. The boomerang closely misses the ogre.
You throw a boomerang. The boomerang closely misses the ogre.
You throw a boomerang. The boomerang barely misses the ogre.
You throw a boomerang. The boomerang barely misses the ogre.
You hit the ogre.
The ogre is lightly wounded.
The ogre hits you with a +0 giant spiked club!
Ouch! That really hurt!
1589 ||| INVOKING Fiery Armour.
A protective cloak of flame settles atop you.
You hit the ogre but do no damage.
The ogre is lightly wounded.
The ogre hits you with a +0 giant spiked club!
You die...

.......... #.........
.........# . ...>.....#
.. #........# [..
.........# ....
.......O.#.....
#....#@.......
#...##..### . ##..## #
.. #########...#..#
...###..............#
.......#:....####.....#
..............## #..#.#
...............# #.# #
......###+###(.# ...


You could see an ogre.

Vanquished Creatures
  An adder (D:2)
  2 dart slugs (D:1)
  5 bats
  3 endoplasms (D:2)
  A giant cockroach (D:1)
  2 goblins
  6 hobgoblins
  A kobold (D:2)
  5 quokkas
  4 ball pythons
  2 frilled lizards
  3 rats
35 creatures vanquished.

Notes
Turn   | Place    | Note
-------+----------+-------------------------------------------
     0 | D:1      | qw the Gargoyle Cinder Acolyte began the quest for the Orb.
     0 | D:1      | Reached XP level 1. HP: 14/14 MP: 2/2
     0 | D:1      | 0 ||| qw: Version: 0.2-a-95-gc95f03d
     0 | D:1      | 0 ||| qw: Game counter: 11
     0 | D:1      | 0 ||| qw: Always use a shield: true
     0 | D:1      | 0 ||| qw: God list: Okawaru
     0 | D:1      | 0 ||| qw: Allow faded altars: false
     0 | D:1      | 0 ||| qw: Do Orc after D:15 true
     0 | D:1      | 0 ||| qw: Do second Lair branch before Depths: true
     0 | D:1      | 0 ||| qw: Lair rune preference: random
     0 | D:1      | 0 ||| qw: Plans: Normal
     0 | D:1      | 0 ||| PLANNING D:1-11
    94 | D:1      | Reached skill level 3 in Axes
   136 | D:1      | Reached XP level 2. HP: 19/19 MP: 3/3
   472 | D:1      | 472 ||| INVOKING Fiery Armour.
   698 | D:1      | 698 ||| UPGRADING to +0 ring mail.
   708 | D:1      | 708 ||| DROPPING +0 robe.
   709 | D:1      | 709 ||| UPGRADING to ring of willpower.
   710 | D:1      | 710 ||| READING 2 scrolls labelled MECREROPTOU.
   711 | D:1      | 711 ||| READING scroll labelled ORUILE ROYL.
   712 | D:1      | 712 ||| DRINKING 2 coppery potions.
   757 | D:2      | Reached XP level 3. HP: 23/23 MP: 4/4
   845 | D:2      | Identified the +3 whip of Sentoh {venom, Will+}
  1014 | D:2      | Reached skill level 4 in Axes
  1041 | D:2      | 1041 ||| SWAPPING to +1 hand axe of electrocution.
  1173 | D:2      | 1173 ||| Stepping ~*~*~tactically~*~*~ (hiding).
  1280 | D:2      | Found an opulent altar of Gozag.
  1443 | D:2      | Reached skill level 1 in Armour
  1568 | D:2      | You fall into a shaft and drop 2 floors!
  1583 | D:4      | Noticed an ogre
  1589 | D:4      | 1589 ||| INVOKING Fiery Armour.
  1590 | D:4      | Slain by an ogre

Levels and vault maps discovered:
D:1:      dpeg_arrival_rhombi, layout_basic, hex_large
D:2:      layout_basic, basic_altar
D:4:      dreamdust_elfheim, layout_rooms, mainiacjoe_overflow_chevrons,
          minmay_temple_entry_hall, nicolae_shop_sticking_my_neck_out

Skill      XL: |  1  2  3 |
---------------+----------+-----
Axes           | 3 4 |  4.1
Armour         | 1 |  1.0
Fighting       | |  3.2
Spellcasting   | |  1.0
Fire Magic     | |  3.0

Action                     || total
---------------------------++-------
  Melee: Hand axe          ||   108
  Throw: Boomerang         ||    47
 Invoke: Fiery Armour      ||     2
    Use: Scroll            ||     2
         Potion            ||     1
 Armour: Robe              ||    15
         Ring mail         ||    30
  Dodge: Dodged            ||    69

Table legend:
 A = Non-vault XP
 B = Vault XP
 C = Vault XP percentage of total XP
 D = Non-vault monster count
 E = Vault monster count
 F = Vault count percentage of total count
                 A         B        C        D         E       F
            +---------+---------+-------+---------+---------+-------
      Total |      75 |       0 |   0.0 |      35 |       0 |   0.0
            +---------+---------+-------+---------+---------+-------
        D:1 |      32 |       0 |   0.0 |      17 |       0 |   0.0
        D:2 |      43 |       0 |   0.0 |      18 |       0 |   0.0
            +---------+---------+-------+---------+---------+-------
